 Dungeon Crawl Stone Soup version 0.28-a0-1447-ga5a8893891 (webtiles) character file.

Game seed: 6254736377142428264

2095 oldriver the Skirmisher (level 9, -7/66 HPs)
             Began as a Formicid Chaos Knight on Jan 11, 2022.
             Was a Plaything of Xom.
             Mangled by an orc warrior (18 damage)
             ... on level 6 of the Dungeon.
             The game lasted 00:06:50 (6024 turns).

oldriver the Skirmisher (Formicid Chaos Knight)     Turns: 6024, Time: 00:06:51

Health: -7/66      AC: 13    Str: 19    XL:     9   Next: 52%
Magic:  9/9        EV:  7    Int: 10    God:    Xom [..*...]
Gold:   272        SH:  0    Dex: 10    Spells: 8/8 levels left

rFire   + . .      SeeInvis +   g - +8 quarterstaff of the Dungeon {chaos, rF+}
rCold   . . .      Faith    .   (no shield)
rNeg    . . .      Spirit   .   l - +0 plate armour
rPois   +          Reflect  .   (helmet unavailable)
rElec   .          Harm     .   (no cloak)
rCorr   .          Rampage  .   (no gloves)
Will    .....      Clarity  +   (no boots)
Stlth   ..........              (no amulet)
HPRegen 0.21/turn               r - ring of poison resistance
MPRegen 0.11/turn               (no ring)

@: no status effects
A: permanent stasis, dig shafts and tunnels, antennae 3, four strong arms,
clarity, dopey 1, frail 1, mutation resistance 1, weak 1, MP-powered wands
a: Dig, Shaft Self, Renounce Religion


You were on level 6 of the Dungeon.
You worshipped Xom.
You were a toy of Xom.
You visited 1 branch of the dungeon, and saw 6 of its levels.
You also visited: Sewer.

You collected 272 gold pieces.

Inventory:

Hand Weapons
 a - a +1 hand axe of chaos
 c - a +1 whip of electrocution
 g - the +8 quarterstaff of the Dungeon (weapon) {chaos, rF+}
   (Xom gifted it to you on level 1 of the Dungeon)

   Each time it hits an enemy it has a different, random effect.
   rF:        It protects you from fire.
Missiles
 d - 41 poisoned darts
Armour
 b - a +3 leather armour
 l - a +0 plate armour (worn)
Jewellery
 r - a ring of poison resistance (left hand)
Wands
 u - a wand of mindburst (12)
 x - a wand of flame (11)
Scrolls
 e - a scroll of enchant weapon
 i - a scroll of fog
 q - a scroll of acquirement {unknown}
 t - a scroll of identify
Potions
 f - 2 potions of flight
 h - a potion of mutation
 j - a potion of brilliance
 k - 2 potions of might
 m - 2 potions of curing
 n - a potion of haste
 o - 2 potions of magic
 p - a potion of lignification
 s - 2 potions of attraction
 v - 2 potions of degeneration {unknown}


   Skills:
 + Level 7.8 Fighting
 - Level 3.1 Axes
 - Level 5.0 Staves
 + Level 7.4 Armour
 - Level 5.0 Dodging


You had 8 spell levels left.
You didn't know any spells.
Your spell library contained the following spells:

 Spells                   Type           Power      Damage    Failure   Level
 Corpse Rot               Necr/Air       0%         N/A       100%        2
 Poisonous Vapours        Pois/Air       0%         N/A       100%        2
 Dispersal                Tloc           0%         N/A       100%        6
 Borgnjor's Revivificati  Necr           0%         N/A       100%        8
 Disjunction              Tloc           0%         N/A       100%        8
 Necromutation            Tmut/Necr      0%         N/A       100%        8
 Death's Door             Necr           0%         N/A       100%        9


Dungeon Overview and Level Annotations

Branches:
Dungeon (6/15)              Sewer (visited)
 Temple: D:4-7

Altars:
Dithmenos
Elyvilon
Sif Muna
Uskayaw
Wu Jian
Xom
The Shining One

Shops:
D:3 (


Innate Abilities, Weirdness & Mutations

You cannot be hasted, slowed, berserked, paralysed or teleported.
You can dig through walls and to a lower floor.
You have a pair of large antennae on your head. (SInv)
Your four strong arms can wield two-handed weapons with a shield.
You possess an exceptional clarity of mind.
You are dopey. (Int -2)
You are frail. (-10% HP)
You are somewhat resistant to further mutation.
You are weak. (Str -2)
You expend magic power (3 MP) to strengthen your wands.


Message History

The orc warrior hits you with a +0 dire flail!
The orc priest barely misses you.
You hit the orc warrior.
The orc warrior is lightly wounded.
The orc warrior blinks!
The orc closely misses you.
The orc priest hits you but does no damage.
You closely miss the orc priest. The orc barely misses you.
The orc priest hits you but does no damage.
You sock the orc priest!
The orc priest is heavily wounded.
The orc closely misses you. The orc priest closely misses you.
You sock the orc priest!
You kill the orc priest!
The orc hits you but does no damage.
You closely miss the orc warrior.
The orc warrior is lightly wounded.
The orc hits you with a +0 mace. The orc warrior barely misses you.
You barely miss the orc warrior.
The orc warrior is lightly wounded.
The orc closely misses you.
The orc warrior hits you with a +0 dire flail!
The orc hits you but does no damage.
You are too injured to fight recklessly!
You are too injured to fight recklessly!
You are too injured to fight recklessly!
You sock the orc!
You kill the orc!
The orc warrior hits you with a +0 dire flail.
Items here: )) [[.
The orc warrior closely misses you.
You barely miss the orc warrior.
The orc warrior is lightly wounded.
The orc warrior hits you with a +0 dire flail!
* * * LOW HITPOINT WARNING * * *
You barely miss the orc warrior.
The orc warrior is lightly wounded.
The orc warrior barely misses you.
The orc warrior hits you with a +0 dire flail!!
You die...
Xom guffaws!

#.# ..# #.# #.# #.#
####.#############
#...<(...........#
#...############.#
########.(..@...........#
...........o##############
........))...............#
.............#.......###.#
........#.#..#.#.###.###.#
'###......#.........<.##.#
##.......##.#.######.##.#
#...≈≈≈...#.#.#.........#
.#..≈≈≈≈≈......#.###.....#


You could see an orc warrior (strong, invisible).

Vanquished Creatures
  Pikel (D:4)
  Sigmund (D:2)
  Edmund (D:5)
  An orc warrior (D:6)
  3 ogres (D:4)
  A necrophage (D:5)
  A centaur (D:5)
  4 lemures
  The ghost of bearfacebrad the Skirmisher, a weakling HuFi (D:4)
  A centaur zombie (D:6)
  4 hounds
  A jelly (D:6)
  A gnoll shaman (D:4)
  5 orc priests
  A bullfrog skeleton (D:4)
  2 iguanas
  Ijyb (D:3)
  An orc wizard (D:6)
  A hell rat (Sewer)
  6 gnolls
  2 river rats (Sewer)
  11 adders
  An ufetubus (D:4)
  An adder skeleton (D:4)
  2 worms (D:3)
  2 dart slugs (D:4)
  13 orcs
  7 ball pythons
  8 endoplasms
  4 giant cockroaches
  9 goblins
  8 hobgoblins
  A quokka (D:1)
  6 kobolds
  7 rats
120 creatures vanquished.

Vanquished Creatures (others)
  5 demonic plants (D:1)
  7 fungi (D:1)
  4 plants (D:1)
  3 withered plants (D:1)
19 creatures vanquished.

Grand Total: 139 creatures vanquished

Notes
Turn   | Place    | Note
-------+----------+-------------------------------------------
     0 | D:1      | oldriver the Formicid Chaos Knight began the quest for the
                  | Orb.
     0 | D:1      | Reached XP level 1. HP: 18/18 MP: 1/1
   105 | D:1      | Reached skill level 1 in Dodging
   224 | D:1      | Reached XP level 2. HP: 24/24 MP: 2/2
   276 | D:1      | XOM: noise
   379 | D:1      | Identified the +8 quarterstaff of the Dungeon {flame, rF+}
                  | (Xom gifted it to you on level 1 of the Dungeon)
   379 | D:1      | XOM: god gift: +8 quarterstaff of the Dungeon {chaos, rF+}
   538 | D:1      | XOM: smoke on damage
   636 | D:1      | Found a faded altar of an unknown god.
   793 | D:1      | Reached XP level 3. HP: 29/29 MP: 3/3
   895 | D:2      | XOM: confuse monster(s)
   912 | D:2      | Reached skill level 1 in Staves
   912 | D:2      | Reached XP level 4. HP: 36/37 MP: 4/4
  1089 | D:2      | Noticed Sigmund
  1094 | D:2      | XOM: silly message
  1095 | D:2      | Killed Sigmund
  1096 | D:2      | Reached XP level 5. HP: 39/43 MP: 5/5
  1096 | D:2      | Reached XP level 6. HP: 45/49 MP: 6/6
  1609 | D:3      | Identified the +1 robe "Tegoeluo" {rC+ Dex+9}
  1638 | D:3      | XOM: god gift: 47 gold pieces
  1671 | D:3      | Found a glowing drain.
  1682 | D:3      | Noticed Ijyb
  1684 | Sewer    | Entered a sewer
  1760 | Sewer    | XOM: scenery: 1 doors close
  1833 | Sewer    | XOM: divination: detect creatures
  1850 | D:3      | XOM: enchant monster (good)
  1858 | D:3      | Killed Ijyb
  2159 | D:3      | Found an ornate altar of the Wu Jian Council.
  2192 | D:3      | Found Peala's Weapon Shop.
  2347 | D:4      | XOM: stealth player
  2360 | D:4      | Noticed Pikel
  2646 | D:4      | XOM: cloud trail
  2674 | D:4      | Reached XP level 7. HP: 51/55 MP: 7/7
  2717 | D:4      | XOM: confusion (+ monsters)
  2737 | D:4      | Killed Pikel
  2738 | D:4      | Reached skill level 5 in Fighting
  2738 | D:4      | Reached skill level 5 in Armour
  2738 | D:4      | Reached XP level 8. HP: 11/64 MP: 8/8
  2828 | D:4      | XOM: god gift: 42 gold pieces
  2889 | D:4      | XOM: stat loss: -1 Dex (18/19)
  3037 | D:4      | XOM: give mutations
  3037 | D:4      | Gained mutation: You expend magic power (3 MP) to
                  | strengthen your wands. [Xom's grace]
  3037 | D:4      | Gained mutation: You are somewhat resistant to further
                  | mutation. [Xom's grace]
  3197 | D:4      | Found a large runed translucent door.
  3198 | D:4      | Found a large runed translucent door.
  3203 | D:4      | Noticed bearfacebrad's ghost (weakling HuFi)
  3574 | D:4      | XOM: give mutations
  3574 | D:4      | Gained mutation: You are frail. (-10% HP) [Xom's mischief]
  3574 | D:4      | Gained mutation: You are dopey. (Int -2) [Xom's mischief]
  3574 | D:4      | Gained mutation: You possess an exceptional clarity of
                  | mind. [Xom's mischief]
  3574 | D:4      | Lost mutation: You are dopey. (Int -2) [Xom's mischief]
  3868 | D:4      | XOM: scenery: summon butterflies
  4135 | D:4      | Killed bearfacebrad's ghost
  4201 | D:4      | XOM: cloud trail
  4223 | D:5      | Entered Level 5 of the Dungeon
  4225 | D:5      | XOM: enchant monster (good)
  4241 | D:5      | Noticed a glowing shapeshifter
  4241 | D:5      | a gnoll changed into a glowing shapeshifter
  4242 | D:5      | Noticed a quicksilver ooze
  4242 | D:5      | a glowing shapeshifter changed into a quicksilver ooze
  4243 | D:5      | Noticed an entropy weaver
  4243 | D:5      | a quicksilver ooze changed into an entropy weaver
  4245 | D:5      | Noticed a broodmother
  4245 | D:5      | an entropy weaver changed into a broodmother
  4469 | D:4      | XOM: scenery: summon butterflies
  4557 | D:5      | Reached XP level 9. HP: 19/63 MP: 9/9
  4796 | D:5      | Noticed Edmund
  4807 | D:5      | Killed Edmund
  4808 | D:5      | Reached skill level 5 in Staves
  4862 | D:5      | Found a hide-covered altar of Uskayaw.
  4862 | D:5      | Found a shimmering blue altar of Sif Muna.
  4863 | D:5      | Found a shadowy altar of Dithmenos.
  4870 | D:5      | Found a glowing golden altar of the Shining One.
  4870 | D:5      | XOM: scenery: create altars
  4900 | D:5      | Reached skill level 5 in Dodging
  5043 | D:5      | XOM: give mutations
  5043 | D:5      | Gained mutation: You are weak. (Str -2) [Xom's mischief]
  5043 | D:5      | Gained mutation: You are dopey. (Int -2) [Xom's mischief]
  5052 | D:5      | XOM: noise
  5281 | D:5      | Noticed a quicksilver ooze
  5281 | D:5      | Noticed an ettin
  5281 | D:5      | a quicksilver ooze changed into an ettin
  5282 | D:5      | Noticed a glowing shapeshifter
  5282 | D:5      | a gnoll changed into a glowing shapeshifter
  5282 | D:5      | XOM: polymorph gnoll -> glowing shapeshifter
  5282 | D:5      | Noticed a slime creature
  5282 | D:5      | a glowing shapeshifter changed into a slime creature
  5284 | D:5      | Noticed a bunyip
  5284 | D:5      | a slime creature changed into a bunyip
  5286 | D:5      | Noticed a spark wasp
  5286 | D:5      | a bunyip changed into a spark wasp
  5288 | D:5      | Noticed an entropy weaver
  5288 | D:5      | a spark wasp changed into an entropy weaver
  5290 | D:5      | XOM: scenery: summon butterflies
  5290 | D:5      | Noticed a satyr
  5290 | D:5      | an entropy weaver changed into a satyr
  5291 | D:5      | XOM: summons friendly iron imp
  5291 | D:5      | Noticed an ice dragon
  5291 | D:5      | a satyr changed into an ice dragon
  5399 | D:6      | XOM: god gift: staff of fire
  5596 | D:6      | Found a white marble altar of Elyvilon.
  5604 | D:6      | XOM: potion effect (might)
  5795 | D:6      | XOM: noise
  6024 | D:6      | Mangled by an orc warrior

Illustrated notes

Levels and vault maps discovered:
D:1:      dpeg_arrival_simpleton_b, layout_loops_cross,
          shapermc_ecumenical_altar_gd
D:2:      layout_loops_ring, minmay_surrounded, uniq_sigmund
D:3:      layout_rooms, nicolae_wu_jian_wuxing_cycle, serial_shops,
          nicolae_shop_bloodbath_and_beyond, portal_sewer_entry_a, uniq_ijyb
D:4:      layout_loops_ring, ebering_ghost_disaster_area, minmay_quantized,
          uniq_pikel
D:5:      layout_rooms, nicolae_overflow_quartered_altars,
          uniq_crazy_yiuf_cottage, uniq_edmund
D:6:      layout_basic, elyvilon_altar_3, uniq_maggie

Skill      XL: |  1  2  3  4  5  6  7  8  9 |
---------------+----------------------------+-----
Dodging        | 1 2 3 4 5 |  5.0
Staves         | 1 2 3 4 5 |  5.0
Armour         | 3 4 5 6 7 |  7.4
Fighting       | 4 5 6 7 |  7.8
Axes           | |  3.1

Action                   |  1- 3 |  4- 6 |  7- 9 || total
-------------------------+-------+-------+-------++-------
Melee: Hand axe          |    21 |       |       ||    21
       Punch             |     1 |       |       ||     1
       Quarterstaff      |    26 |    86 |   167 ||   279
  Use: Scroll            |       |     8 |     7 ||    15
       Potion            |       |       |     1 ||     1
 Stab: Sleeping          |     1 |     4 |     1 ||     6
       Paralysed         |       |     1 |     3 ||     4
Armor: Leather armour    |    18 |     3 |       ||    21
       Robe              |       |     6 |    12 ||    18
       Plate armour      |       |       |    85 ||    85
Dodge: Dodged            |    34 |    42 |   116 ||   192

Table legend: (Time is in decaauts)
 A = Elapsed time spent in this place.
 B = Non-inter-level travel time spent in this place.
 C = Inter-level travel time spent in this place.
 D = Time resting spent in this place.
 E = Time spent auto-exploring this place.
 F = Levels seen in this place.
 G = Mean time per level.
                   A        B        C        D        E       F      G
               +--------+--------+--------+--------+--------+-----+--------+
         Total |   6082 |   5948 |    134 |    999 |   3973 |   7 |  868.9 |
       Dungeon |   5896 |   5762 |    134 |    999 |   3869 |   6 |  982.7 |
         Sewer |    185 |    185 |      0 |      0 |    103 |   1 |  185.0 |
               +--------+--------+--------+--------+--------+-----+--------+

Top non-repeatable levels by time:
     D:4: 1936 daAuts
     D:3: 907 daAuts
     D:1: 895 daAuts
     D:5: 782 daAuts
     D:6: 733 daAuts
     D:2: 640 daAuts
   Sewer: 185 daAuts
